 Dungeon Crawl Stone Soup version 0.31-a0-1009-g454b1f1e0a (webtiles) character file.

Game seed: 4117269000529010372

63 ChronoRanger the Firebug (level 3, -12/19 HPs)
             Began as a Deep Elf Fire Elementalist on Nov 16, 2023.
             Mangled by a gnoll
             ... wielding a +0 halberd
              (15 damage)
             ... on level 3 of the Dungeon.
             The game lasted 00:02:59 (2107 turns).

ChronoRanger the Firebug (DEFE)                     Turns: 2107, Time: 00:02:59

Health: -12/19     AC:  2    Str:  5    XL:     3   Next: 87%
Magic:  1/10       EV: 12    Int: 21    God:
Gold:   104        SH:  0    Dex: 15    Spells: 6/9 levels left

rFire   . . .        d - +0 short sword (drain)
rCold   . . .        (no shield)
rNeg    . . .        a - +0 robe
rPois   .            (no helmet)
rElec   .            (no cloak)
rCorr   .            (no gloves)
SInv    .            (no boots)
Will    .....        (no amulet)
Stlth   ++           (no ring)
HPRegen 0.23/turn    (no ring)
MPRegen 0.12/turn

%: no passive effects
@: no status effects
A: no striking features
a: no special abilities


You were on level 3 of the Dungeon.
You visited 1 branch of the dungeon, and saw 3 of its levels.

You collected 104 gold pieces.

Inventory:

Hand Weapons
 d - a +0 short sword of draining (weapon)
 e - a +0 dagger
Armour
 a - a +0 robe (worn)
Scrolls
 i - a scroll of immolation
 j - a scroll of amnesia {unknown}
 k - a scroll of noise {unknown}
 l - 2 scrolls of blinking
 n - a scroll of fog {unknown}
Potions
 b - a potion of magic
 c - a potion of curing {unknown}
 f - a potion of degeneration {unknown}
 g - a potion of resistance {unknown}
 h - a potion of heal wounds {unknown}
 m - 2 potions of lignification {unknown}


   Skills:
 - Level 2.4 Dodging
 - Level 2.4 Stealth
 + Level 3.9 Spellcasting
 + Level 2.2 Conjurations
 * Level 4.4 Fire Magic


You had 6 spell levels left.
You knew the following spells:

 Your Spells              Type           Power      Damage    Failure   Level
a - Foxfire               Conj/Fire      72%        2x1d7     3%          1
b - Scorch                Fire           44%        2d6       3%          2

Your spell library contained the following spells:

 Spells                   Type           Power      Damage    Failure   Level
 Inner Flame              Hex/Fire       13%        N/A       14%         3
 Volatile Blastmotes      Fire/Tloc      26%        2d12      14%         3
 Sublimation of Blood     Necr           4%         N/A       19%         2
 Wereblood                Tmut           4%         N/A       19%         2
 Flame Wave               Conj/Fire      18%        2d7       30%         4
 Summon Hydra             Summ           2%         N/A       100%        7


Dungeon Overview and Level Annotations

Branches:
Dungeon (3/15)

Altars:
Zin

Shops:
D:2 [


Message History

Confirm with . or Enter, or press ? or * to list all spells.
Flames lash the gnoll.
The gnoll is almost dead.
The gnoll's fire resistance burns away.
You hear an angry hiss.
Casting: Scorch (safe; 3% risk of failure)
Confirm with . or Enter, or press ? or * to list all spells.
Flames lash the gnoll.
The gnoll is burned terribly!
You kill the gnoll!
You hear a shout!
A dart slug comes into view.
Casting: Scorch (safe; 3% risk of failure)
Confirm with . or Enter, or press ? or * to list all spells.
You conjure some foxfire!
The dart slug launches a dart at you. The slug dart misses you.
The hobgoblin hits you.
A gnoll comes into view. It is wielding a +2 whip of flaming.
The foxfire hits the gnoll.
The gnoll is moderately wounded.
The foxfire hits the hobgoblin.
You kill the hobgoblin!
The gnoll barely misses you.
Casting: Foxfire (safe; 3% risk of failure)
Confirm with . or Enter, or press ? or * to list all spells.
Flames lash the gnoll.
The gnoll is heavily wounded.
The gnoll's fire resistance burns away.
A ball python comes into view.
The endoplasm hits you.
The gnoll hits you from afar with a +0 halberd.
The dart slug launches a dart at you. The slug dart hits you.
The endoplasm freezes you.
You are frozen.
* * * LOW HITPOINT WARNING * * *
The gnoll hits you from afar with a +0 spear.
* * * LOW HITPOINT WARNING * * *
The gnoll hits you from afar with a +0 halberd!
Ouch! That really hurt!
You die...

.. ...... ...
#....... ..!
..#†... .g#
.....#...# .
..))#... . ...
.gg.. ..$
.##..##J.#.....
.....†.@.......
.##w###..#...##
#.... S#
<......
#####.... .w..
... ..


You could see a worm, 3 gnolls, a dart slug, an endoplasm and a ball python.

Vanquished Creatures
  A gnoll (D:3)
  An adder (D:2)
  A worm (D:2)
  2 dart slugs (D:1)
  4 bats
  An endoplasm (D:2)
  3 giant cockroaches
  A goblin (D:3)
  7 hobgoblins
  5 kobolds
  2 quokkas
  2 ball pythons
  2 frilled lizards
  A rat (D:2)
33 creatures vanquished.

Vanquished Creatures (others)
  80 foxfires
80 creatures vanquished.

Grand Total: 113 creatures vanquished

Notes
Turn   | Place    | Note
-------+----------+-------------------------------------------
     0 | D:1      | ChronoRanger the Deep Elf Fire Elementalist began the quest
                  | for the Orb.
     0 | D:1      | Reached XP level 1. HP: 10/10 MP: 6/6
   294 | D:1      | Reached XP level 2. HP: 15/15 MP: 5/8
   297 | D:1      | Learned a level 2 spell: Scorch
   808 | D:1      | Found a faded altar of an unknown god.
  1030 | D:2      | Found a glowing silver altar of Zin.
  1072 | D:2      | Reached skill level 4 in Fire Magic
  1132 | D:2      | Reached XP level 3. HP: 19/19 MP: 7/10
  1768 | D:2      | Found Uddiem's Antique Armour Boutique.
  2107 | D:3      | Mangled by a gnoll

Illustrated notes

Levels and vault maps discovered:
D:1:      spicycebolla_arrival_xxxplode, layout_loops_ring,
          hellmonk_ecumenical_altar_zigzags, hex_tiny,
          minmay_misc_feat_more_columns
D:2:      layout_basic, basic_altar, serial_shops, shop
D:3:      layout_basic, serial_shops, nicolae_shop_bloodbath_and_beyond,
          nicolae_twisty_statue_hallways, uniq_robin

Skill      XL: |  1  2  3 |
---------------+----------+-----
Fire Magic     | 4 |  4.4
Conjurations   | 2 |  2.2
Dodging        | |  2.4
Stealth        | |  2.4
Spellcasting   | |  3.9

Action                     || total
---------------------------++-------
   Cast: Foxfire           ||    53
         Scorch            ||     7
    Use: Scroll            ||     2
 Armour: Robe              ||     7
  Dodge: Dodged            ||     5

Table legend: (Time is in decaauts)
 A = Elapsed time spent in this place.
 B = Non-inter-level travel time spent in this place.
 C = Inter-level travel time spent in this place.
 D = Time resting spent in this place.
 E = Time spent auto-exploring this place.
 F = Levels seen in this place.
 G = Mean time per level.
                   A        B        C        D        E       F      G
               +--------+--------+--------+--------+--------+-----+--------+
         Total |   2105 |   2078 |     27 |      0 |   1843 |   3 |  701.7 |
       Dungeon |   2105 |   2078 |     27 |      0 |   1843 |   3 |  701.7 |
               +--------+--------+--------+--------+--------+-----+--------+

Top non-repeatable levels by time:
     D:2: 1084 daAuts
     D:1: 1008 daAuts
     D:3: 11 daAuts
